 Dungeon Crawl Stone Soup version 0.31.0-2-g5a2aebc5c2 (webtiles) character file.

Game seed: 9338601447637035781

4874 Arctor the Skirmisher (level 10, -2/61 HPs)
             Began as a Kobold Hexslinger on Jan 20, 2024.
             Was an Elder of Makhleb.
             Asphyxiated
             ... on level 1 of the Lair of Beasts.
             The game lasted 00:13:02 (9766 turns).

Arctor the Skirmisher (Kobold Hexslinger)           Turns: 9766, Time: 00:13:03

Health: -2/61      AC:  5    Str:  7    XL:     10   Next: 79%
Magic:  26/26      EV: 20    Int: 14    God:    Makhleb [****..]
Gold:   250        SH:  0    Dex: 21    Spells: 13/21 levels left

rFire   + . .        m - +5 orcbow (flame)
rCold   . . .        (shield currently unavailable)
rNeg    . . .        c - +1 robe
rPois   .            (no helmet)
rElec   .            o - +0 cloak
rCorr   .            (no gloves)
SInv    .            y - +0 pair of boots
Will    .....        i - amulet of magic regeneration
Stlth   +++          l - ring of magical power
HPRegen 0.30/turn    v - ring of protection from fire
MPRegen 0.60/turn

%: no passive effects
@: lethally poisoned (-2 -> -44), about to teleport, weak-willed, weakened,
enlightened, jinxed, flying, slowed, very slow
A: small, no large weapons, nightstalker 3, low MP 1
a: Renounce Religion, Minor Destruction, Lesser Servant of Makhleb, Major
Destruction


You were on level 1 of the Lair of Beasts.
You worshipped Makhleb.
Makhleb was greatly pleased with you.
You visited 2 branches of the dungeon, and saw 10 of its levels.

You collected 561 gold pieces.
You spent 311 gold pieces at shops.

Inventory:

Hand Weapons
 a - a +1 sling of flaming
 m - a +5 orcbow of flaming (weapon)
Armour
 c - a +1 robe (worn)
 o - a +0 cloak (worn)
 x - a +1 cloak
 y - a +0 pair of boots (worn)
Jewellery
 e - an amulet of guardian spirit
 i - an amulet of magic regeneration (around neck)
 l - a ring of magical power (left hand)
 v - a ring of protection from fire (right hand)
 D - a ring of protection from cold
Wands
 q - a wand of charming (22)
 r - a wand of roots (12)
 B - a wand of mindburst (20)
 C - a wand of polymorph (10)
 G - a wand of digging (9)
Scrolls
 b - 2 scrolls of poison
 g - 2 scrolls of enchant armour
 j - 3 scrolls of fear
 n - 4 scrolls of vulnerability
 p - a scroll of teleportation
 t - 2 scrolls of amnesia
 F - a scroll of immolation
Potions
 d - a potion of cancellation
 f - 2 potions of mutation
 h - 4 potions of curing
 k - 3 potions of brilliance
 s - 2 potions of degeneration
 u - 2 potions of heal wounds
 w - a potion of attraction
 z - a potion of lignification
 E - a potion of resistance
 H - a potion of might {unknown}


   Skills:
 + Level 6.9 Fighting
 + Level 8.6 Ranged Weapons
 + Level 7.8 Dodging
 + Level 6.3 Spellcasting
 + Level 6.8 Hexes
 - Level 3.9 Fire Magic
 + Level 4.8 Invocations


You had 13 spell levels left.
You knew the following spells:

 Your Spells              Type           Power      Damage    Failure   Level
a - Jinxbite              Hex            46%        N/A       1%          2
b - Inner Flame           Hex/Fire       19%        N/A       4%          3
c - Sigil of Binding      Hex            23%        N/A       2%          3

Your spell library contained the following spells:

 Spells                   Type           Power      Damage    Failure   Level
 Cause Fear               Hex            11%        N/A       10%         4
 Necrotise                Necr           16%        1d4       16%         1
 Static Discharge         Conj/Air       8%         3-4/arc   24%         2
 Sublimation of Blood     Necr           4%         N/A       24%         2
 Dimensional Bullseye     Hex/Tloc       6%         N/A       36%         4
 Gell's Gravitas          Tloc           4%         N/A       43%         3
 Hailstorm                Conj/Ice       4%         3d5       43%         3
 Summon Ice Beast         Ice/Summ       4%         N/A       43%         3
 Teleport Other           Tloc           4%         N/A       43%         3
 Vampiric Draining        Necr           4%         2d6       43%         3
 Airstrike                Air            2%         2d(1-17)  83%         4
 Martyr's Knell           Necr/Summ      4%         N/A       83%         4
 Petrify                  Alch/Erth      4%         N/A       83%         4
 Summon Lightning Spire   Summ/Air       4%         N/A       83%         4
 Curse of Agony           Necr           4%         N/A       99%         5
 Irradiate                Conj/Alch      2%         3d12      99%         5
 Dispersal                Tloc           2%         N/A       100%        6
 Sculpt Simulacrum        Ice/Alch       2%         N/A       100%        6


Dungeon Overview and Level Annotations

Branches:
Dungeon (9/15)             Temple (0/1) D:4            Lair (1/5) D:9
    Orc: D:9-12

Altars:
Dithmenos
Elyvilon
Fedhas
Gozag
Hepliaklqana
Makhleb
Qazlal
Ru
Sif Muna
Trog
Uskayaw
Wu Jian
Xom
The Shining One

Shops:
D:6 **

Annotations:
D:3 3 runed translucent doors, ces's ghost, weakling MiBe
Lair:1 Amaemon


Innate Abilities, Weirdness & Mutations

You are small and have problems with some larger weapons.
You are completely attuned to the shadows.
Your magical capacity is low. (-10% MP)


Message History

The orange demon is heavily wounded.
The orange demon completely misses you.
You shoot an arrow.
The arrow barely misses the orange demon.
The orange demon stings you from afar.
You shoot an arrow.
The arrow barely misses the orange demon.
The orange demon stings you from afar.
You shoot an arrow.
The arrow closely misses the orange demon.
The orange demon seems less drained.
The orange demon stings you but does no damage.
Amaemon casts a spell at the orange demon.
The orange demon's venom grows more potent.
You shoot an arrow. The arrow hits the orange demon!
The arrow burns the orange demon.
The orange demon is severely wounded.
The orange demon stings you from afar!
You are poisoned.
You have difficulty breathing.
You feel yourself slow down.
Okay, then.
It was a potion of enlightenment.
You feel very buoyant.
You fly up into the air.
You feel extremely sick.
As you read the scroll of fear, it crumbles to dust.
You assume a fearsome visage.
Amaemon looks frightened!
You feel very sick.
As you read the scroll of teleportation, it crumbles to dust.
You feel strangely unstable.
You feel very sick. The orange demon barely misses you.
The orange demon hits you.
* * * LOW HITPOINT WARNING * * *
You feel your attacks grow feeble.
You feel very sick. The orange demon barely misses you.
The orange demon stings you from afar!
* * * LOW HITPOINT WARNING * * *
You are lethally poisoned!
You have difficulty breathing.
You die...

*,,,,,,,,*,,***,,,*****#.#
*,,,,,,.........,,,,......
*,*,,*,........##,,,......
**,,,,,,..........,,,,.....
*,,,,,,,.#.6#.#.#.**,###.##
**,,,,,,(..4......,,,......
*,****#.####.##.#***####.#
*,***##.###4..P.########.#
*,,,,....@................
*,**,..####..#####...#.#.#
*,,,,,,,..................
*,******P########.#.#.####
*** *** #######


You could see an orange demon (curare).

Vanquished Creatures
  2 two-headed ogres (D:9)
  An elephant (D:9)
  A yak (D:9)
  A basilisk (D:9)
  A steam dragon (D:9)
  A water moccasin (Lair:1)
  A sky beast (D:8)
  3 black bears
  An ice beast (D:6)
  An ogre (D:4)
  5 wolves (Lair:1)
  A centaur (D:6)
  A phantom (D:5)
  4 kobold brigands
  2 bullfrogs
  3 scorpions (D:6)
  8 wights (D:7)
  2 bombardier beetles
  A jelly (D:4)
  2 orc priests (D:7)
  3 hounds
  A sleepcap (D:6)
  Jessica (D:2)
  Natasha (D:2)
  3 iguanas
  5 orc wizards
  4 gnolls
  6 adders
  A shadow imp (D:5)
  2 dart slugs
  2 ribbon worms (D:2)
  19 orcs
  8 bats
  8 endoplasms
  2 giant cockroaches
  4 goblins
  7 hobgoblins
  3 quokkas
  8 ball pythons
  4 frilled lizards
  21 kobolds
  7 rats
162 creatures vanquished.

Notes
Turn   | Place    | Note
-------+----------+-------------------------------------------
     0 | D:1      | Arctor the Kobold Hexslinger began the quest for the Orb.
     0 | D:1      | Reached XP level 1. HP: 12/12 MP: 2/2
     2 | D:1      | Noticed a draconian
     4 | D:1      | Noticed a djinni
     6 | D:1      | Noticed a spriggan
     6 | D:1      | Noticed an elf
     8 | D:1      | Noticed a vine stalker
     8 | D:1      | Noticed a vampire
    10 | D:1      | Noticed a naga
    10 | D:1      | Noticed a demigod
    12 | D:1      | Noticed a gargoyle
    12 | D:1      | Noticed a human
    14 | D:1      | Noticed an armataur
    14 | D:1      | Noticed an octopode
    16 | D:1      | Noticed a barachi
    16 | D:1      | Noticed a formicid
    18 | D:1      | Noticed a felid
    18 | D:1      | Noticed a ghoul
    20 | D:1      | Noticed an oni
    22 | D:1      | Noticed a merfolk
    22 | D:1      | Noticed a demonspawn
    24 | D:1      | Noticed a minotaur
    26 | D:1      | Noticed a tengu
    26 | D:1      | Noticed a troll
    77 | D:1      | Found a faded altar of an unknown god.
   146 | D:1      | Prayed at the altar of an unknown god.
   146 | D:1      | Became a worshipper of Makhleb the Destroyer
   146 | D:1      | Reached * piety under Makhleb
   177 | D:1      | Reached XP level 2. HP: 16/16 MP: 3/3
   662 | D:1      | Reached XP level 3. HP: 10/20 MP: 5/5
   756 | D:1      | Reached skill level 3 in Ranged Weapons
   882 | D:1      | Learned a level 2 spell: Jinxbite
   939 | D:2      | Noticed Jessica
   948 | D:2      | Killed Jessica
  1026 | D:2      | Reached XP level 4. HP: 26/26 MP: 6/6
  1158 | D:2      | Reached ** piety under Makhleb
  2074 | D:2      | Noticed Natasha
  2080 | D:2      | Killed Natasha
  2081 | D:2      | Reached XP level 5. HP: 23/30 MP: 8/8
  2483 | D:3      | Found a stormy altar of Qazlal.
  2540 | D:3      | Found a runed translucent gate.
  2541 | D:3      | Found a runed translucent gate.
  2541 | D:3      | Noticed a kobold brigand
  2541 | D:3      | Noticed ces's ghost (weakling MiBe)
  2543 | D:3      | Found a runed translucent gate.
  2638 | D:3      | Found an opulent altar of Gozag.
  3273 | D:4      | Found a staircase to the Ecumenical Temple.
  3275 | D:4      | Reached skill level 4 in Ranged Weapons
  3275 | D:4      | Reached XP level 6. HP: 36/36 MP: 9/9
  3575 | D:4      | Found a sacrificial altar of Ru.
  3757 | D:4      | Found a shadowy altar of Dithmenos.
  3761 | D:4      | Noticed an ogre
  3771 | D:4      | Killed an ogre
  4080 | D:5      | Entered Level 5 of the Dungeon
  4187 | D:5      | Found a glowing golden altar of the Shining One.
  4245 | D:5      | Reached XP level 7. HP: 41/41 MP: 11/11
  4628 | D:5      | Reached *** piety under Makhleb
  4629 | D:5      | Reached skill level 5 in Ranged Weapons
  4638 | D:5      | Gained mutation: Your magical capacity is low. (-10% MP)
                  | [potion of mutation]
  4640 | D:5      | HP: 2/41 [orc/+0 hand axe (3)]
  4650 | D:5      | Learned a level 3 spell: Inner Flame
  4688 | D:5      | Found an ornate altar of the Wu Jian Council.
  4692 | D:5      | Noticed a spectral centipede
  4692 | D:5      | Noticed a spectral black mamba
  4692 | D:5      | Noticed a spectral cane toad
  4729 | D:5      | Found a shimmering altar of Xom.
  4730 | D:5      | Found a hazy altar of Hepliaklqana.
  4732 | D:5      | Noticed a spectral ugly thing
  5068 | D:6      | Reached XP level 8. HP: 48/48 MP: 11/11
  5137 | D:6      | Found Xievud's General Store.
  5151 | D:6      | Reached skill level 5 in Dodging
  5166 | D:6      | Found Aletio's Specific Store.
  5203 | D:6      | Bought a +4 orcbow of flaming for 311 gold pieces
  5431 | D:6      | Found a shimmering blue altar of Sif Muna.
  5742 | D:6      | Found a bloodstained altar of Trog.
  6241 | D:6      | Learned a level 3 spell: Sigil of Binding
  6258 | D:7      | Reached skill level 6 in Ranged Weapons
  6258 | D:7      | Reached skill level 5 in Hexes
  6589 | D:7      | Found a white marble altar of Elyvilon.
  6678 | D:7      | Reached skill level 1 in Invocations
  6678 | D:7      | Reached XP level 9. HP: 50/52 MP: 13/13
  6970 | D:7      | Reached skill level 5 in Fighting
  7114 | D:7      | Reached **** piety under Makhleb
  7515 | D:8      | Reached skill level 7 in Ranged Weapons
  7515 | D:8      | Reached skill level 5 in Spellcasting
  7713 | D:8      | Noticed a two-headed ogre
  7933 | D:9      | Noticed a two-headed ogre
  7943 | D:9      | Killed a two-headed ogre
  7944 | D:9      | Reached XP level 10. HP: 44/60 MP: 16/16
  8148 | D:9      | Found a hide-covered altar of Uskayaw.
  8269 | D:9      | Noticed a two-headed ogre
  8284 | D:9      | Killed a two-headed ogre
  8438 | D:9      | Noticed an elephant
  8441 | D:9      | Reached skill level 8 in Ranged Weapons
  8453 | D:9      | Killed an elephant
  8543 | D:9      | Found a staircase to the Lair.
  8590 | D:9      | Found a blossoming altar of Fedhas.
  9073 | Lair:1   | Entered Level 1 of the Lair of Beasts
  9752 | Lair:1   | Noticed Amaemon
  9752 | Lair:1   | Noticed an orange demon
  9766 | Lair:1   | Asphyxiated

Illustrated notes

Levels and vault maps discovered:
D:1:      kb_arrival_jail, layout_loops_ring, hellmonk_ecumenical_altar_lost_god
D:2:      minmay_general_purpose_star, layout_loops_corners, serial_rivers,
          chequers_serial_rivers_room_a, chequers_serial_rivers_small_a,
          chequers_serial_rivers_room_a, chequers_serial_rivers_micro_c,
          chequers_serial_rivers_small_a, minmay_domino_4, uniq_jessica,
          uniq_natasha
D:3:      layout_loops_cross, nicolae_qazlal_scattered_showers,
          grunt_gozag_statues, gammafunk_ghost_nasty_kobolds
D:4:      layout_loops_cross, nicolae_dithmenos_through_a_glass_darkly,
          nicolae_ru_sacrificial_ziggurat, minmay_temple_entry_antechambers,
          hangedman_feature_mirror, kennysheep_donut
D:5:      layout_loops_cross, regret_index_temple_of_mockery, tso_oasis_becter,
          pdpol_wu_jian_five_deadly_venoms, st_stairs_10
D:6:      layout_basic, bloody_trog, general_overflow_altar,
          nicolae_specific_store
D:7:      layout_basic, elyvilon_altar_3
D:8:      layout_gridville, nemelex_xobeh_ov_fountains_minmay,
          kennysheep_generic_room_3, uniq_psyche, uniq_pikel
D:9:      layout_irregular_city, fedhas_altar_3, lemuel_coloured_pillars_altar,
          david_lair_generic
Lair:1:   layout_long_grid, nicolae_lair_grazing_beasts
          [nicolae_sub_lair_graze_edge, nicolae_sub_lair_graze_edge,
          nicolae_sub_lair_graze_edge, nicolae_sub_lair_graze_edge],
          uniq_amaemon

Skill      XL: |  1  2  3  4  5  6  7  8  9 10 |
---------------+-------------------------------+-----
Ranged Weapons | 3 4 5 6 7 8 |  8.6
Dodging        | 3 4 5 6 7 |  7.8
Fighting       | 2 3 4 5 6 |  6.9
Spellcasting   | 2 3 4 5 6 |  6.3
Fire Magic     | 2 3 |  3.9
Hexes          | 4 5 6 |  6.8
Invocations    | 1 3 4 |  4.8

Action                     |  1- 3 |  4- 6 |  7- 9 | 10-12 || total
---------------------------+-------+-------+-------+-------++-------
   Fire: Sling             |    58 |   177 |   120 |       ||   355
         Orcbow            |       |       |   129 |    77 ||   206
   Cast: Jinxbite          |     1 |     7 |    22 |     8 ||    38
    Use: Scroll            |     5 |     4 |     3 |     5 ||    17
         Potion            |       |       |     8 |     2 ||    10
 Armour: Robe              |    13 |    40 |    93 |    44 ||   190
         Skin              |       |       |       |    20 ||    20
  Dodge: Dodged            |    13 |    86 |   164 |    75 ||   338
